AoeStats
← Boshetunmay

Lombardia

510143952Analyzed
3v3 RM · 1d ago on Sep 29, 2026· 77m 52s· 6 players
Game mode
Random Map
Map size
Normal (6 player)
Population
200
Speed
Normal
Resources
Standard
Victory
Conquest
Starting age
Dark Age
Ending age
Imperial Age
RankedLock teamsTeams togetherTeam positionsShared explorationLock speedFull tech treeHidden civsTurbo modeCheats
Victory
Defeat
🇺🇦 Portuguese · Ukraine
730
+13
🇺🇦 Maya · Ukraine
702
+14
🇺🇦 Poles · Ukraine
647
+16
🇺🇸 Romans · United States
703
-15
🇷🇺 Hindustanis · Russia
641
-14
🇷🇺 Bohemians · Russia
639
-14
Hash
13:00 Feudal Age
14:45 Wheelbarrow
14:11 Double-Bit Axe
16:15 Scale Barding Armor
16:22 Forging
15:57 Horse Collar
21:45 Castle Age
23:01 Hand Cart
23:11 Chain Barding Armor
23:41 Bow Saw
24:18 Heavy Plow
39:23 Imperial Age
39:02 Town Watch
39:04 Loom
39:58 Caravan
40:22 Town Patrol
41:01 Iron Casting
40:16 Fletching
40:27 Padded Archer Armor
40:28 Scale Mail Armor
42:22 Chemistry
41:34 Fortified Wall
41:20 Murder Holes
41:36 Masonry
41:47 Ballistics
41:53 Conscription
41:40 Hussite Reforms
41:54 Elite Skirmisher
43:48 Two-Man Saw
43:10 Squires
42:31 Pikeman
42:57 Arson
43:32 Siege Engineers
45:47 Halberdier
53:53 Chain Mail Armor
53:34 Bodkin Arrow
VET
12:35 Feudal Age
13:15 Double-Bit Axe
14:06 Wheelbarrow
13:16 Horse Collar
14:18 Gold Mining
15:13 Stone Mining
19:34 Loom
22:46 Castle Age
24:10 Hand Cart
24:07 Bow Saw
24:36 Heavy Plow
25:16 Gold Shaft Mining
25:19 Stone Shaft Mining
28:00 Fletching
30:35 Ballistics
30:12 Murder Holes
30:34 Caravan
31:44 Town Watch
33:06 Town Patrol
33:42 Bodkin Arrow
34:13 Fortified Wall
35:40 Grand Trunk Road
36:06 Padded Archer Armor
38:51 Imperial Age
38:00 Scale Mail Armor
38:14 Forging
38:23 Leather Archer Armor
38:14 Scale Barding Armor
40:37 Two-Man Saw
41:07 Elite Ghulam
42:07 Conscription
42:23 Hoardings
41:49 Shatagni
43:00 Iron Casting
42:44 Chain Mail Armor
45:10 Chemistry
44:21 Masonry
44:17 Siege Engineers
45:50 Blast Furnace
44:53 Bracer
45:14 Chain Barding Armor
45:25 Ring Archer Armor
50:31 Plate Barding Armor
51:09 Bloodlines
55:36 Crossbowman
56:21 Thumb Ring
55:37 Heavy Cavalry Archer
55:37 Elite Skirmisher
63:50 Husbandry
63:12 Heavy Camel Rider
65:54 Imperial Camel Rider
65:55 Light Cavalry
69:55 Hussar
J-Mo
5:26 Loom
9:48 Feudal Age
10:41 Double-Bit Axe
10:44 Horse Collar
13:10 Wheelbarrow
13:11 Man-at-Arms
21:46 Castle Age
20:21 Forging
22:03 Scale Mail Armor
24:34 Bow Saw
24:27 Heavy Plow
24:33 Squires
25:34 Caravan
25:07 Long Swordsman
28:28 Iron Casting
28:10 Chain Mail Armor
28:18 Husbandry
28:27 Town Watch
30:07 Town Patrol
30:47 Murder Holes
33:28 Hand Cart
35:46 Imperial Age
33:37 Fortified Wall
33:48 Ballistics
33:14 Pikeman
37:40 Crop Rotation
38:15 Siege Engineers
39:14 Chemistry
39:19 Blast Furnace
40:28 Scale Barding Armor
41:09 Legionary
43:12 Heavy Scorpion
43:50 Elite Centurion
45:02 Comitatenses
46:07 Legionary
Boshetunmay
11:25 Feudal Age
12:14 Double-Bit Axe
14:05 Wheelbarrow
16:47 Horse Collar
17:17 Man-at-Arms
21:47 Gold Mining
21:50 Stone Mining
21:55 Loom
21:56 Town Watch
24:51 Castle Age
22:42 Loom
23:31 Scale Barding Armor
23:45 Bloodlines
26:01 Bow Saw
26:35 Hand Cart
27:06 Stone Shaft Mining
27:24 Heavy Plow
27:48 Chain Barding Armor
27:39 Forging
27:19 Fletching
27:41 Husbandry
29:12 Town Watch
28:59 Light Cavalry
30:21 Iron Casting
30:15 Town Patrol
34:48 Imperial Age
37:05 Crop Rotation
37:47 Winged Hussar
39:51 Chemistry
39:12 Ballistics
39:20 Bodkin Arrow
40:26 Blast Furnace
40:02 Guard Tower
40:33 Bombard Tower
41:21 Conscription
40:22 Elite Obuch
41:13 Szlachta Privileges
53:11 Thumb Ring
52:27 Crossbowman
56:07 Arbalester
BigDog
6:27 Loom
11:57 Feudal Age
12:36 Double-Bit Axe
13:25 Horse Collar
19:55 Castle Age
18:56 Scale Mail Armor
19:07 Forging
21:36 Chain Mail Armor
21:57 Iron Casting
21:34 Heavy Plow
22:54 Wheelbarrow
24:17 Eagle Warrior
24:58 Squires
27:48 Gold Mining
28:26 Fletching
29:40 Hand Cart
29:34 Arson
29:11 Pikeman
30:57 Ballistics
30:33 Murder Holes
34:44 Imperial Age
32:02 Town Watch
35:09 Elite Eagle Warrior
36:58 Chemistry
35:58 Bodkin Arrow
37:03 Blast Furnace
36:15 Capped Ram
37:22 Bracer
37:59 Town Patrol
38:17 Bow Saw
38:18 Siege Ram
39:29 Conscription
39:52 Plate Mail Armor
40:14 Padded Archer Armor
40:16 Halberdier
60:09 Caravan
62:25 Guilds
62:36 Guilds
67:30 Elite Skirmisher
68:16 Hul'che Javelineers
tupak
6:40 Loom
10:10 Feudal Age
10:40 Double-Bit Axe
11:34 Wheelbarrow
12:04 Horse Collar
12:43 Town Watch
20:02 Castle Age
19:33 Gold Mining
19:36 Stone Mining
21:23 Hand Cart
21:11 Heavy Plow
24:43 Pikeman
24:51 Man-at-Arms
27:20 Stone Shaft Mining
27:37 Town Patrol
27:21 Long Swordsman
29:52 Forging
33:13 Imperial Age
31:39 Iron Casting
31:05 Scale Mail Armor
31:37 Treadmill Crane
31:53 Murder Holes
32:12 Fletching
33:30 Ballistics
33:38 Chain Mail Armor
33:19 Bodkin Arrow
34:28 Crop Rotation
33:23 Two-Handed Swordsman
34:47 Bow Saw
35:58 Bracer
36:59 Blast Furnace
37:48 Plate Mail Armor
39:05 Two-Man Saw
38:32 Conscription
38:20 Halberdier
40:36 Chemistry
40:46 Siege Engineers
40:55 Masonry
41:49 Champion
44:00 Architecture
44:08 Elite Organ Gun
46:14 Arquebus
49:13 Guilds
49:04 Caravan
61:20 Elite Skirmisher
62:06 Thumb Ring
62:04 Padded Archer Armor
68:12 Leather Archer Armor
72:36 Ring Archer Armor
Connection lost

Rejoining the realm…

Still unreachable

The connection could not be restored.

Session expired

The server has moved on; the page needs a fresh start.